 Dungeon Crawl Stone Soup version 0.28.0-53-g5a82cb258f (webtiles) character file.

Game seed: 10972266852175501284

499 SanguineChosen the Chopper (level 7, -2/60 HPs)
             Began as a Hill Orc Cinder Acolyte on June 21, 2022.
             Was a High Priest of Ignis.
             Slain by a sky beast (6 damage)
             ... on level 5 of the Dungeon.
             The game lasted 00:21:50 (5816 turns).

SanguineChosen the Chopper (HOCA)                   Turns: 5816, Time: 00:21:51

Health: -2/60      AC:  4    Str: 19    XL:     7   Next: 16%
Magic:  2/11       EV: 11    Int: 14    God:    Ignis [*****.]
Gold:   155        SH:  5    Dex:  6    Spells: 9/11 levels left

rFire   + + .      SeeInvis .   u - +4 mace
rCold   . . .      Faith    .   r - orb {*Rage}
rNeg    . . .      Spirit   .   b - +0 robe
rPois   .          Reflect  +   (no helmet)
rElec   .          Harm     .   k - +0 cloak {Stlth+}
rCorr   .          Rampage  .   d - +0 pair of gloves
Will    .....      Rage     20% (no boots)
Stlth   ++........              j - amulet of reflection
HPRegen 0.20/turn               q - ring of protection from fire
MPRegen 0.12/turn               (no ring)

@: on berserk cooldown, flying, slowed, very slow
A: no striking features
a: Renounce Religion, Fiery Armour, Foxfire Swarm, Rising Flame


You were on level 5 of the Dungeon.
You worshipped Ignis.
Ignis was extremely pleased with you.
You visited 1 branch of the dungeon, and saw 5 of its levels.

You collected 155 gold pieces.

Inventory:

Hand Weapons
 a - a -1 hand axe of flaming
 u - a +4 mace (weapon)
Armour
 b - a +0 robe (worn)
 d - a +0 pair of gloves (worn)
 k - a +0 cloak of stealth (worn)
 r - an orb of wrath (worn)
Jewellery
 j - an amulet of reflection (around neck)
 q - a ring of protection from fire (left hand)
Scrolls
 e - a scroll of holy word {unknown}
 f - 2 scrolls of noise {unknown}
 g - a scroll of blinking {unknown}
 h - a scroll of immolation {unknown}
 i - 2 scrolls of fog {unknown}
 n - a scroll of identify {unknown}
 s - 2 scrolls of fear {unknown}
Potions
 c - 2 potions of heal wounds {unknown}
 m - a potion of curing {unknown}
 o - a potion of mutation {unknown}
 p - a potion of lignification {unknown}
 t - a potion of attraction {unknown}


   Skills:
 + Level 4.5 Fighting
 + Level 6.0(6.1) Axes
 + Level 1.1(3.3) Maces & Flails
 + Level 1.1 Dodging
 + Level 1.4 Stealth
 + Level 0.6 Shields
 + Level 2.7 Spellcasting
 + Level 5.2 Fire Magic


You had 9 spell levels left.
You knew the following spells:

 Your Spells              Type           Power      Damage    Failure   Level
a - Scorch                Fire           32%        2d6       4%          2

Your spell library contained the following spells:

 Spells                   Type           Power      Damage    Failure   Level
 Magic Dart               Conj           4%         1d3       22%         1
 Slow                     Hex            4%         N/A       22%         1
 Summon Small Mammal      Summ           4%         N/A       22%         1


Dungeon Overview and Level Annotations

Branches:
Dungeon (5/15)
 Temple: D:4-7

Altars:
Fedhas

Shops:
D:1 !


Message History

You feel a strong urge to attack something.
You sock the orc!
You kill the orc!
You closely miss something.
You are no longer berserk.
You are exhausted.
You feel yourself slow down. Something hits you. Something shocks you.
Casting: Scorch (safe; 4% risk of failure)
Press: ? - help, Q - select action Dir - look around, f - activate
Okay, then.
You closely miss something. Something hits you but does no damage.
You closely miss something. Something hits you but does no damage.
Something hits you. Something shocks you.
Casting: Scorch (safe; 4% risk of failure)
Press: ? - help, Q - select action Dir - look around, f - activate Flames lash something.
Something hits you. Something shocks you.
Something hits you but does no damage.
You closely miss something. You block something's attack. Something hits you.
Something shocks you.
It was a potion of flight.
You feel very buoyant.
You fly up into the air.
Something hits you. Something shocks you.
* * * LOW HITPOINT WARNING * * *
You closely miss something.
A sky beast appears from thin air!
Reactivating autopickup.
The sky beast barely misses you. The sky beast hits you.
* * * LOW HITPOINT WARNING * * *
The sky beast shocks you.
* * * LOW HITPOINT WARNING * * *
You completely miss the sky beast.
The sky beast is moderately wounded.
The sky beast hits you.
* * * LOW HITPOINT WARNING * * *
The sky beast shocks you.
* * * LOW HITPOINT WARNING * * *
The sky beast hits you.
* * * LOW HITPOINT WARNING * * *
The sky beast shocks you.
You die...

... #.# #.#
...#####.######.####
...................#
......#..###.......#
.>.......###<##.##.##
..........##.##.#...#
.. ##)........<....#
. ##Y####)...)...#
#@# #####.#### #.#
#.# ##'## #.# ##...##
#.# ##....<## ##.###
##.......####.#..##
#.........##.###..#
+.........'...#...#
#.........####...##


You could see a sky beast.

Vanquished Creatures
  A necrophage (D:5)
  Blork the orc (D:4)
  A scorpion (D:4)
  A water moccasin zombie (D:5)
  A hound (D:4)
  Natasha (thrice) (D:3)
  A hound skeleton (D:4)
  3 adders
  An ufetubus (D:5)
  An adder skeleton (D:4)
  A dart slug (D:2)
  5 orcs (D:5)
  7 ball pythons
  9 endoplasms
  A giant cockroach (D:3)
  9 goblins
  5 hobgoblins
  4 jackals (D:1)
  3 quokkas
  6 bats
  2 frilled lizards (D:3)
  4 kobolds
  4 rats
74 creatures vanquished.

Vanquished Creatures (others)
  A plant (D:2)
1 creature vanquished.

Grand Total: 75 creatures vanquished

Notes
Turn   | Place    | Note
-------+----------+-------------------------------------------
     0 | D:1      | SanguineChosen the Hill Orc Cinder Acolyte began the quest
                  | for the Orb.
     0 | D:1      | Reached XP level 1. HP: 19/19 MP: 2/2
   652 | D:1      | Reached XP level 2. HP: 25/27 MP: 3/3
   661 | D:1      | Found Zingi Ozebb's Distillery.
  1640 | D:1      | Reached XP level 3. HP: 31/33 MP: 4/4
  1648 | D:1      | Learned a level 2 spell: Scorch
  3095 | D:3      | Noticed Natasha
  3104 | D:3      | Killed Natasha
  3105 | D:3      | Reached skill level 1 in Stealth
  3105 | D:3      | Reached XP level 4. HP: 26/41 MP: 1/5
  3118 | D:3      | Noticed Natasha
  3124 | D:3      | Killed Natasha
  3125 | D:3      | Reached skill level 5 in Axes
  3984 | D:3      | Got Hermeneutics for Neophytes
  4048 | D:3      | Noticed Natasha
  4056 | D:3      | Killed Natasha
  4057 | D:3      | Reached XP level 5. HP: 47/47 MP: 1/7
  4304 | D:4      | Found a blossoming altar of Fedhas.
  5051 | D:4      | Noticed Blork the orc
  5059 | D:4      | Killed Blork the orc
  5060 | D:4      | Reached XP level 6. HP: 52/53 MP: 3/9
  5166 | D:4      | Reached skill level 6 in Axes
  5568 | D:5      | Entered Level 5 of the Dungeon
  5642 | D:5      | Noticed a necrophage
  5694 | D:5      | Reached skill level 1 in Dodging
  5723 | D:5      | Reached skill level 5 in Fire Magic
  5786 | D:5      | Noticed a sky beast
  5799 | D:5      | Killed a necrophage
  5800 | D:5      | Reached skill level 1 in Maces & Flails
  5800 | D:5      | Reached XP level 7. HP: 60/60 MP: 2/11
  5816 | D:5      | Slain by a sky beast

Illustrated notes

Levels and vault maps discovered:
D:1:      dpeg_arrival_brainrot, layout_loops_ring, serial_shops,
          nicolae_shop_advertising_works [nicolae_subvault_shop_adworks]
D:2:      layout_loops_corners, serial_forest, infiniplex_forest_end_2,
          infiniplex_forest_diagonal, infiniplex_forest_clump_double,
          infiniplex_forest_lined_2, minivault_5
D:3:      layout_loops_ring, serial_park_tiny_pond, grunt_ministairs_1,
          uniq_natasha
D:4:      layout_loops_ring, mainiacjoe_overflow_concentric_impassable,
          uniq_blork_the_orc
D:5:      layout_loops_corners

Skill      XL: |  1  2  3  4  5  6 |
---------------+-------------------+-----
Fighting       | 4 |  4.5
Stealth        | 1 |  1.4
Axes           | 5 6 |  6.0
Fire Magic     | 4 5 |  5.2
Spellcasting   | 2 |  2.7
Dodging        | 1 |  1.1
Maces & Flails | 1 |  1.1
Shields        | |  0.6

Action                   |  1- 3 |  4- 6 |  7- 9 || total
-------------------------+-------+-------+-------++-------
Melee: Hand axe          |    81 |    28 |       ||   109
       Punch             |     2 |       |       ||     2
       Mace              |       |    19 |    12 ||    31
 Cast: Scorch            |    11 |    36 |     1 ||    48
  Use: Potion            |       |       |     1 ||     1
Armor: Robe              |    17 |    11 |     6 ||    34
Dodge: Dodged            |    42 |    20 |     1 ||    63
Block: Other             |     3 |     6 |       ||     9
       Reflection        |     1 |     1 |       ||     2
       Orb               |       |     7 |     3 ||    10
